Map: Zen LE

Players

BanesGoBoom

  • Race: Zerg Zerg
  • League: Platinum
  • Spawn Location: 7:00

ViBE - Winner!

  • Race: Protoss Protoss
  • League: Platinum
  • Spawn Location: 1:00

VOD

https://youtu.be/zvDLCB270zo?t=6954

Description

Time

  • Played on: Dec. 12, 2019, 12:28 a.m.
  • Length: 15:24
Show
View Real Time Build Order
Export as new Build Order

BanesGoBoom Zerg 

Build Orders: Hatch First 

Get SALT Encoding   

  12  0:03  Drone  
  13  0:13  Overlord  
  13  0:17  Drone  
  14  0:31  Drone x2  
  16  0:48  Hatchery  
  15  0:51  Drone  
  15  0:55  Drone  
  17  0:59  Drone  
  18  1:09  Extractor  
  17  1:14  Spawning Pool  
  17  1:17  Drone  
  17  1:20  Drone  
  18  1:29  Drone  
  19  1:41  Overlord  
  19  1:54  Drone  
  20  2:02  Drone x2, Queen x2  
  26  2:14  Drone x2  
  28  2:25  Hatchery  
  28  2:28  Drone  
  29  2:30  Drone  
  29  2:33  Drone  
  30  2:41  Lair  
  30  2:45  Overlord  
  30  2:48  Drone  
  30  2:51  Drone  
  32  2:54  Drone  
  33  3:01  Queen  
  33  3:02  Drone  
  36  3:05  Drone  
  36  3:07  Drone  
  36  3:11  Overlord  
  38  3:13  Drone  
  38  3:16  Drone  
  38  3:17  Drone  
  38  3:19  Drone  
  42  3:26  Roach Warren  
  41  3:27  Drone  
  41  3:31  Evolution Chamber  
  41  3:32  Drone  
  42  3:35  Drone  
  42  3:37  Drone  
  44  3:45  Drone  
  44  3:46  Drone x5  
  50  3:55  Extractor x2  
  49  3:58  Drone x5  
  53  4:03  Drone x2  
  53  4:06  Drone  
  53  4:09  Drone, Zerg Missile Weapons Level 1  
  57  4:11  Drone  
  57  4:15  Overlord  
  58  4:18  Overlord  
  58  4:33  Hydralisk Den, Queen, Drone  
  58  4:34  Drone x6  
  58  4:37  Extractor x2, Drone x2  
  66  4:41  Spire  
  66  4:42  Drone  
  66  4:45  Drone  
  67  4:57  Overlord  
  67  5:03  Drone x4  
  71  5:07  Drone  
  71  5:08  Drone x2  
  71  5:09  Overlord x3  
  74  5:14  Extractor, Infestation Pit  
  74  5:16  Hatchery, Grooved Spines  
  71  5:21  Drone x3  
  74  5:29  Overlord x3  
  74  5:41  Drone x2  
  76  5:43  Extractor  
  76  5:47  Extractor  
  76  5:49  Hydralisk  
  74  5:50  Hydralisk x6  
  74  5:55  Hive  
  88  6:03  Drone x8  
  96  6:05  Drone x2  
  98  6:21  Drone x4  
  98  6:23  Drone  
  98  6:25  Drone  
  104  6:27  Muscular Augments  
  104  6:28  Zerg Missile Weapons Level 2  
  104  6:29  Drone x3  
  104  6:30  Drone x7  
  114  6:50  Hydralisk x7  
  128  6:57  Hatchery  
  128  7:00  Overlord x5  
  127  7:08  Overlord x3  
  127  7:09  Overlord  
  127  7:16  Extractor, Queen  
  127  7:20  Extractor  
  127  7:25  Overlord  
  127  7:26  Hydralisk x6, Overlord x3  
  139  7:32  Overseer  
  139  7:45  Corruptor  
  139  7:46  Corruptor x6  
  153  8:05  Overseer  
  153  8:09  Hydralisk x14  
  181  8:13  Greater Spire  
  181  8:25  Hydralisk  
  181  8:26  Hydralisk x7  
  197  8:52  Hydralisk  
  181  9:19  Hydralisk  
  181  9:20  Hydralisk x12  
  175  9:34  Brood Lord x3  
  175  9:35  Brood Lord x3, Hydralisk x4  
  175  9:36  Hydralisk x7  
  166  9:50  Hydralisk x7  
  176  10:12  Hydralisk  
  176  10:13  Hydralisk x8  
  136  10:32  Hydralisk x6  
  136  10:33  Hatchery  
  137  10:40  Hydralisk x3  
  143  10:44  Queen x3  
  143  10:45  Hydralisk  
  143  10:46  Hydralisk x2  
  155  10:51  Drone x2  
  155  10:52  Drone x4  
  155  10:54  Drone x2  
  155  10:55  Drone  
  155  10:56  Drone  
  165  11:00  Drone x2  
  165  11:18  Hydralisk x10  
  185  11:28  Hydralisk x3  
  191  11:35  Hydralisk x3  
  197  11:43  Hydralisk  
  197  11:44  Extractor x2, Hydralisk  
  199  12:09  Hatchery  
  198  12:20  Hydralisk  
  200  12:41  Hydralisk  
  200  12:43  Hydralisk  
  200  12:44  Hydralisk  
  200  12:45  Hydralisk  
  200  12:46  Hydralisk  
  200  12:47  Hydralisk x2  
  200  12:48  Hydralisk x2  
  200  12:49  Hydralisk  
  200  13:01  Overlord x6  
  200  13:02  Overlord x2  
  171  13:22  Hydralisk x12  
  175  13:40  Hatchery  
  157  13:43  Hatchery  
  122  14:26  Spawning Pool  
Show
View Real Time Build Order
Export as new Build Order

ViBE Protoss - Winner!

Build Orders: 1 Gate Expand, Archon Immortal 

Get SALT Encoding   

  12  0:02  Probe  
  13  0:14  Probe  
  14  0:23  Pylon  
  14  0:26  Probe  
  15  0:41  Probe (Chrono Boost)  
  16  0:45  Gateway  
  16  0:52  Assimilator  
  16  0:59  Probe (Chrono Boost)  
  16  1:04  Probe (Chrono Boost)  
  18  1:14  Probe  
  19  1:26  Probe  
  19  1:29  Nexus  
  20  1:38  Probe  
  21  1:46  Cybernetics Core  
  21  1:54  Probe  
  21  1:55  Pylon  
  21  1:58  Assimilator  
  22  2:06  Probe  
  23  2:19  Probe (Chrono Boost)  
  24  2:25  Warp Gate, Stalker  
  27  2:30  Probe (Chrono Boost)  
  27  2:35  Probe (Chrono Boost)  
  28  2:39  Pylon  
  28  2:41  Probe (Chrono Boost)  
  29  2:51  Probe x2 (Chrono Boost)  
  31  2:55  Sentry  
  31  2:56  Probe (Chrono Boost)  
  31  2:57  Probe  
  35  3:08  Probe (Chrono Boost)  
  35  3:11  Probe (Chrono Boost)  
  38  3:20  Probe (Chrono Boost)  
  38  3:24  Gateway  
  38  3:26  Probe (Chrono Boost), Robotics Facility  
  38  3:27  Probe (Chrono Boost)  
  39  3:29  Stalker  
  39  3:33  Probe  
  43  3:34  Probe  
  43  3:36  Assimilator  
  43  3:40  Assimilator  
  44  3:45  Probe  
  44  3:46  Probe  
  46  3:52  Pylon  
  46  3:57  Probe  
  46  3:58  Probe, Nexus  
  46  3:59  Pylon  
  49  4:10  Probe  
  49  4:12  Probe  
  49  4:14  Immortal (Chrono Boost)  
  54  4:20  Pylon  
  54  4:22  Probe  
  55  4:24  Probe  
  56  4:34  Probe  
  56  4:38  Probe  
  58  4:43  Stalker x2  
  62  4:46  Probe  
  62  4:49  Pylon  
  62  4:50  Probe  
  64  4:53  Twilight Council  
  64  4:54  Forge  
  64  4:58  Probe (Chrono Boost)  
  64  4:59  Observer (Chrono Boost)  
  66  5:02  Probe (Chrono Boost)  
  67  5:10  Probe (Chrono Boost), Stalker x2  
  67  5:13  Probe (Chrono Boost)  
  74  5:15  Probe x2 (Chrono Boost)  
  74  5:17  Probe (Chrono Boost)  
  74  5:18  Pylon  
  76  5:24  Probe  
  76  5:25  Probe  
  76  5:27  Protoss Ground Weapons Level 1 (Chrono Boost)  
  82  5:28  Probe, Immortal  
  82  5:31  Charge  
  83  5:35  Templar Archives  
  83  5:36  Probe  
  83  5:37  Probe  
  83  5:41  Probe  
  86  5:45  Gateway  
  86  5:47  Gateway  
  86  5:49  Probe x2  
  88  5:51  Pylon  
  88  5:53  Probe  
  88  5:57  Assimilator x2  
  89  6:01  Probe x2  
  91  6:05  Probe  
  91  6:07  Stalker x2  
  96  6:13  Probe  
  96  6:14  Gateway  
  96  6:15  Gateway  
  97  6:28  Pylon  
  97  6:30  Pylon  
  97  6:31  Probe x3  
  100  6:33  Pylon  
  100  6:36  Zealot x2  
  100  6:38  Immortal  
  108  6:46  Nexus  
  108  6:47  Pylon  
  108  6:51  Pylon  
  108  6:53  Probe  
  108  6:54  Probe x2  
  111  7:17  High Templar x4  
  111  7:18  High Templar x2  
  111  7:22  Archon x3  
  123  7:26  Pylon  
  123  7:28  Probe x3  
  126  7:31  Assimilator  
  126  7:35  Protoss Ground Weapons Level 2 (Chrono Boost)  
  126  7:36  Assimilator  
  126  7:38  Photon Cannon  
  126  7:39  Immortal  
  126  7:40  Photon Cannon  
  130  7:45  Gateway  
  130  7:46  Gateway  
  130  7:49  Gateway  
  130  7:51  Gateway  
  130  7:53  Gateway  
  130  7:55  Gateway  
  130  7:57  Zealot  
  130  7:58  Zealot x5  
  140  8:00  Robotics Facility  
  142  8:08  Pylon  
  142  8:12  Pylon  
  142  8:23  High Templar x6  
  142  8:25  Immortal, Nexus  
  158  8:28  Pylon  
  158  8:32  Pylon  
  158  8:34  Stargate  
  158  8:37  Stargate  
  158  8:39  Stargate  
  158  8:46  Archon  
  158  8:47  Archon x2  
  158  8:49  Zealot x6  
  158  8:51  Immortal  
  174  8:58  Probe x4  
  174  9:01  Zealot x3  
  184  9:02  High Templar x2  
  184  9:07  Archon  
  188  9:10  Probe  
  188  9:13  Zealot  
  188  9:14  Zealot x5  
  188  9:17  High Templar  
  173  9:32  Protoss Ground Weapons Level 3 (Chrono Boost)  
  173  9:36  Fleet Beacon  
  155  9:43  Zealot x3, Protoss Air Weapons Level 1 (Chrono Boost)  
  155  9:44  Zealot x6  
  155  9:45  Zealot x2  
  175  9:47  Observer  
  175  9:48  Observer  
  173  10:17  Zealot x3  
  173  10:18  Zealot x5  
  173  10:19  Zealot x4  
  169  10:30  Assimilator  
  169  10:31  Photon Cannon  
  169  10:33  Photon Cannon  
  169  10:34  Assimilator  
  167  10:35  Shield Battery  
  167  10:36  Tempest x2 (Chrono Boost)  
  167  10:37  Tempest (Chrono Boost)  
  168  10:52  High Templar x3  
  168  10:53  High Templar x4  
  168  10:54  High Templar x2  
  184  10:59  High Templar  
  184  11:00  Zealot x2  
  190  11:13  Tempest (Chrono Boost)  
  190  11:14  Tempest (Chrono Boost)  
  190  11:18  Protoss Air Weapons Level 2  
  200  11:34  Archon x2  
  200  11:35  Archon x3  
  200  12:07  Nexus  
  200  12:10  Pylon  
  200  12:18  Protoss Shields Level 1 (Chrono Boost)  
  200  12:19  Photon Cannon  
  200  12:20  Photon Cannon  
  200  12:23  Photon Cannon  
  200  12:25  Photon Cannon  
  200  12:27  Photon Cannon  
  200  12:33  Photon Cannon  
  200  12:35  Shield Battery  
  198  12:40  Shield Battery  
  180  13:03  Dark Shrine  
  177  13:13  Pylon  
  177  13:14  Tempest (Chrono Boost)  
  177  13:15  Pylon  
  177  13:17  Pylon  
  177  13:19  Pylon  
  174  13:22  Pylon  
  174  13:25  Pylon  
  168  13:27  Pylon  
  168  13:30  Pylon  
  168  13:31  Pylon  
  160  13:37  Probe, Tempest x2 (Chrono Boost)  
  171  13:50  Probe  
  170  14:02  Probe  
  170  14:11  Pylon  
  170  14:14  Pylon  
  170  14:15  Pylon, Nexus  
  170  14:19  Pylon  
  170  14:23  Pylon  
  170  14:24  Pylon  
  170  14:33  Probe  
  170  14:38  Tempest  
  178  14:42  Dark Templar x4  
  184  14:46  Probe  
  178  15:01  Pylon x2  
Tags
 
Add a new tag
Caveats
  • Supply blocks, unpowered buildings, or Contaminate may cause inaccurate times.
  • Supply counts are checked every 10 seconds.